 Dungeon Crawl Stone Soup version 0.24-a0-500-g46574c2197 (webtiles) character file.

Game seed: 1575049830221931224

126 Mithandil the Conjurer (level 4, -1/24 HPs)
             Began as a Deep Elf Conjurer on July 15, 2019.
             Slain by a gnoll
             ... wielding a +0 flail
              (11 damage)
             ... on level 3 of the Dungeon.
             The game lasted 00:13:31 (2436 turns).

Mithandil the Conjurer (Deep Elf Conjurer)          Turns: 2436, Time: 00:13:31

Health: -1/24      AC:  4    Str:  6    XL:     4   Next: 83%
Magic:  7/11       EV: 12    Int: 20    God:
Gold:   192        SH:  0    Dex: 15    Spells: 3/10 levels left

rFire    . . .     SeeInvis .   a - +0 dagger
rCold    . . .     Gourm    .   (no shield)
rNeg     . . .     Faith    .   h - +0 leather armour
rPois    .         Spirit   .   (no helmet)
rElec    .         Reflect  .   (no cloak)
rCorr    .         Harm     .   (no gloves)
MR       .....                  g - +0 pair of boots
Stlth    ++........             (no amulet)
HPRegen  0.08/turn              (no ring)
MPRegen  0.12/turn              (no ring)

@: no status effects
A: no striking features
a: no special abilities


You were on level 3 of the Dungeon.
You were not hungry.

You visited 1 branch of the dungeon, and saw 3 of its levels.

You collected 192 gold pieces.

Inventory:

Hand Weapons
 a - a +0 dagger (weapon)
 n - a +3 whip of venom
 u - a +0 short sword
Missiles
 b - 6 atropa-tipped darts (quivered)
 d - 5 arrows
 m - 51 stones
 s - 16 poisoned darts
Armour
 g - a +0 pair of boots (worn)
 h - a +0 leather armour (worn)
Jewellery
 r - a cursed amulet of inaccuracy {unknown}
Scrolls
 e - a scroll of noise {unknown}
 f - a scroll of blinking {unknown}
 l - a scroll of identify {unknown}
 p - a scroll of remove curse {unknown}
 q - a scroll of amnesia {unknown}
 t - 2 scrolls of teleportation {unknown}
Potions
 i - a potion of curing {unknown}
 j - a potion of ambrosia {unknown}
 k - a potion of agility {unknown}
 o - a potion of berserk rage {unknown}
 w - a potion of flight {unknown}
 x - 2 potions of heal wounds {unknown}
Comestibles
 c - 6 rations


   Skills:
 * Level 3.4 Short Blades
 - Level 2.4 Dodging
 - Level 3.0 Stealth
 - Level 3.8 Spellcasting
 - Level 4.8 Conjurations


You had 3 spell levels left.
You knew the following spells:

 Your Spells              Type           Power        Failure   Level  Hunger
a - Magic Dart            Conj           ###.         2%          1    None
b - Searing Ray           Conj           ###...       4%          2    ##.....
c - Force Lance           Conj/Tloc      ##......     58%         4    ####...

Your spell library contained the following spells:

 Spells                   Type           Power        Failure   Level  Hunger
 Dazzling Spray           Conj/Hex       ##....       22%         3    ###....
 Iskenderun's Mystic Bla  Conj           ###.....     28%         4    ####...
 Fulminant Prism          Conj/Hex       ##........   58%         4    ####...


Dungeon Overview and Level Annotations

Branches:
Dungeon (3/15)

Altars:


Message History

Aim: a gnoll, wielding a +0 flail (moderately wounded)
The magic dart hits the gnoll.
The gnoll is heavily wounded.
Casting: Magic Dart (safe; 2% risk of failure)
Confirm with . or Enter, or press ? or * to list all spells.
Aiming: Magic Dart (safe; 2% risk of failure)
Press: ? - help, Shift-Dir - straight line, f/p - gnoll
Aim: a gnoll, wielding a +0 flail (heavily wounded)
The magic dart hits the gnoll but does no damage.
The gnoll is heavily wounded.
The gnoll closely misses you.
Casting: Magic Dart (safe; 2% risk of failure)
Confirm with . or Enter, or press ? or * to list all spells.
Aiming: Magic Dart (safe; 2% risk of failure)
Press: ? - help, Shift-Dir - straight line, f/p - gnoll
Aim: a gnoll, wielding a +0 flail (heavily wounded)
The magic dart hits the gnoll.
The gnoll is severely wounded.
The gnoll hits you with a +0 flail!
You die...

#.#######.#
#####.......#.#
#....######.#.######
###.#<......<........#
#......######.##.....#
#....................#
#......######.###.####
######## #.# #.# #@#
#.# #g# #.# #.. #.#
###.#.# .#.. #


You could see a gnoll.

Vanquished Creatures
  7 adders (D:2)
  A worm (D:2)
  4 dart slugs
  6 bats
  4 goblins
  8 hobgoblins (D:1)
  3 jackals (D:2)
  7 kobolds
  2 quokkas (D:2)
  A ball python (D:1)
  7 frilled lizards
  5 rats
  A fungus (D:1)
56 creatures vanquished.

Vanquished Creatures (others)
  4 toadstools (D:1)
4 creatures vanquished.

Grand Total: 60 creatures vanquished

Notes
Turn   | Place    | Note
-------+----------+-------------------------------------------
     0 | D:1      | Mithandil the Deep Elf Conjurer began the quest for the
                  | Orb.
     0 | D:1      | Reached XP level 1. HP: 10/10 MP: 6/6
   238 | D:2      | Reached XP level 2. HP: 15/15 MP: 2/8
   242 | D:2      | Learned a level 2 spell: Searing Ray
   485 | D:1      | Reached XP level 3. HP: 19/19 MP: 7/10
   833 | D:1      | Reached skill level 1 in Short Blades
  1580 | D:2      | Reached XP level 4. HP: 24/24 MP: 6/11
  1586 | D:2      | Learned a level 4 spell: Force Lance
  1835 | D:2      | Found a faded altar of an unknown god.
  2436 | D:3      | Slain by a gnoll

Levels and vault maps discovered:
D:1:      minmay_arrival_jagged, layout_basic, minmay_gold_behind_fungi,
          minmay_indecisive_spiral
D:2:      minmay_spotlight, layout_basic, chequers_ecumenical_altar_grove,
          minmay_misc_feat_nine_boxes, kennysheep_generic_room_11
D:3:      layout_basic, first_ration

Skill      XL: |  1  2  3  4 |
---------------+-------------+-----
Stealth        | 3 |  3.0
Short Blades   | 2 3 |  3.4
Dodging        | |  2.4
Spellcasting   | |  3.8
Conjurations   | |  4.8

Action                   |  1- 3 |  4- 6 || total
-------------------------+-------+-------++-------
Melee: Dagger            |    58 |    38 ||    96
 Cast: Magic Dart        |    63 |    53 ||   116
  Eat: Chunk             |     2 |       ||     2
       Ration            |       |     1 ||     1
Armor: Leather armour    |     3 |    12 ||    15
Dodge: Dodged            |     7 |    31 ||    38

Table legend:
 A = Non-vault XP
 B = Vault XP
 C = Vault XP percentage of total XP
 D = Non-vault monster count
 E = Vault monster count
 F = Vault count percentage of total count
                 A         B        C        D         E       F
            +---------+---------+-------+---------+---------+-------
      Total |     143 |      37 |  20.6 |      43 |      12 |  21.8
            +---------+---------+-------+---------+---------+-------
        D:1 |      33 |       6 |  15.4 |      20 |       4 |  16.7
        D:2 |     110 |      31 |  22.0 |      23 |       8 |  25.8
            +---------+---------+-------+---------+---------+-------
